| TOP OF THE 1ST |
|
Nashville Sounds batting - Pitching for Fresno Grizzlies : RHP Juan Estrada
|
|
Pitching: RHP Juan Estrada
|
|
|
Batting: SHB Robert Santiago
|
0-0: Ball 1-0: Swinging Strike 1-1: Foul Ball, location: 2F 1-2: Ball 2-2: Fly out, F7 (Flyball, 7LS, EV 91.2 MPH)
|
|
Batting: LHB Tomas Segarra
|
0-0: Called Strike 0-1: Fly out, F8 (Flyball, 8LD, EV 94.4 MPH)
|
|
Batting: RHB Tim Cordle
|
0-0: Foul Ball, location: 2F 0-1: Ball 1-1: Swinging Strike 1-2: Strikes out swinging, 2-3 out at first.
|
| Top of the 1st over - 0 runs, 0 hits, 0 errors, 0 left on base; Nashville 0 - Fresno 0 |
| BOTTOM OF THE 1ST |
|
Fresno Grizzlies batting - Pitching for Nashville Sounds : LHP Kalaida Steedman
|
|
Pitching: LHP Kalaida Steedman
|
|
|
Batting: LHB Danny Wolver
|
0-0: Called Strike 0-1: Ball 1-1: Fly out, F5 (Line Drive, 5L, EV 66.9 MPH)
|
|
Batting: RHB Kyle Davis
|
0-0: Foul Ball, location: 2F 0-1: Foul Ball, location: 2F 0-2: DOUBLE (Line Drive, 78D, EV 108.1 MPH)
|
|
Batting: LHB Josh Birkner
|
0-0: Ball 1-0: Ball 2-0: Foul Ball, location: 2F 2-1: Fly out, F7 (Flyball, 78M, EV 93.1 MPH)
|
|
Batting: RHB Ramon Castellon
|
0-0: Foul Ball, location: 2F 0-1: Foul Ball, location: 2F 0-2: Ball 1-2: Ball 2-2: Ball 3-2: Strikes out swinging
|
| Bottom of the 1st over - 0 runs, 1 hit, 0 errors, 1 left on base; Nashville 0 - Fresno 0 |
| TOP OF THE 2ND |
|
Nashville Sounds batting - Pitching for Fresno Grizzlies : RHP Juan Estrada
|
|
Batting: RHB Bill Cabrera
|
0-0: Ball 1-0: Ball 2-0: DOUBLE (Groundball, 5L, EV 104.4 MPH)
|
|
Batting: LHB Gregg Power
|
0-0: Called Strike 0-1: Foul Ball, location: 2F 0-2: Ground out 6-3 (Groundball, 6, EV 101.2 MPH)
|
|
Batting: RHB David Herrera
|
0-0: Ball 1-0: Called Strike 1-1: Called Strike 1-2: Foul Ball, location: 2F 1-2: Ball 2-2: Ball 3-2: Base on Balls
|
|
Batting: RHB Wade Diamond
|
0-0: Ball 1-0: Ball 2-0: Called Strike 2-1: Fly out, F8 (Flyball, 89S, EV 86.9 MPH)
|
|
Batting: RHB Yonetoshi Muranaka
|
0-0: Ball 1-0: Ground out 5-3 (Groundball, 56S, EV 88.8 MPH)
|
| Top of the 2nd over - 0 runs, 1 hit, 0 errors, 2 left on base; Nashville 0 - Fresno 0 |
| BOTTOM OF THE 2ND |
|
Fresno Grizzlies batting - Pitching for Nashville Sounds : LHP Kalaida Steedman
|
|
Batting: RHB Etsuro Hosokawa
|
0-0: Fly out, F7 (Flyball, 78S, EV 95.6 MPH)
|
|
Batting: LHB Mark Dearth
|
0-0: DOUBLE (Line Drive, 89M, EV 94.4 MPH)
|
|
Batting: RHB Sam Spohn
|
0-0: Ball 1-0: Ball 2-0: Ball Passed Ball! Mark Dearth to third 3-0: Called Strike 3-1: Called Strike 3-2: Strikes out swinging
|
|
Batting: LHB Bob Govella
|
0-0: Called Strike 0-1: Swinging Strike 0-2: Ball 1-2: Strikes out swinging
|
| Bottom of the 2nd over - 0 runs, 1 hit, 0 errors, 1 left on base; Nashville 0 - Fresno 0 |
| TOP OF THE 3RD |
|
Nashville Sounds batting - Pitching for Fresno Grizzlies : RHP Juan Estrada
|
|
Batting: RHB Tony Crespo
|
0-0: Ball 1-0: Ball 2-0: Called Strike 2-1: Swinging Strike 2-2: Strikes out looking
|
|
Batting: SHB Robert Santiago
|
0-0: Foul Ball, location: 2F 0-1: Foul Ball, location: 2F 0-2: Ground out 5-3 (Groundball, 56S, EV 84.4 MPH)
|
|
Batting: LHB Tomas Segarra
|
0-0: Swinging Strike 0-1: Swinging Strike 0-2: Strikes out swinging
|
| Top of the 3rd over - 0 runs, 0 hits, 0 errors, 0 left on base; Nashville 0 - Fresno 0 |
| BOTTOM OF THE 3RD |
|
Fresno Grizzlies batting - Pitching for Nashville Sounds : LHP Kalaida Steedman
|
|
Batting: RHB Nick Deegan
|
0-0: Ball 1-0: Ball 2-0: Called Strike 2-1: Ball 3-1: Base on Balls
|
|
Batting: LHB Danny Wolver
|
0-0: Called Strike 0-1: Swinging Strike 0-2: Strikes out swinging
|
|
Batting: RHB Kyle Davis
|
0-0: Called Strike 0-1: Ball 1-1: Foul Ball, location: 2F 1-2: Strikes out looking
|
|
Batting: LHB Josh Birkner
|
0-0: Called Strike 0-1: Foul Ball, location: 2F 0-2: Ball 1-2: Ball 2-2: Ball 3-2: Foul Ball, location: 2F 3-2: Ground out 6-3 (Groundball, 4, EV 86.9 MPH)
|
| Bottom of the 3rd over - 0 runs, 0 hits, 0 errors, 1 left on base; Nashville 0 - Fresno 0 |
| TOP OF THE 4TH |
|
Nashville Sounds batting - Pitching for Fresno Grizzlies : RHP Juan Estrada
|
|
Batting: RHB Tim Cordle
|
0-0: Swinging Strike 0-1: Called Strike 0-2: Foul Ball, location: 2F 0-2: Strikes out looking
|
|
Batting: RHB Bill Cabrera
|
0-0: Fly out, F9 (Flyball, 89S, EV 78.1 MPH)
|
|
Batting: LHB Gregg Power
|
0-0: Fly out, F9 (Flyball, 89S, EV 87.5 MPH)
|
| Top of the 4th over - 0 runs, 0 hits, 0 errors, 0 left on base; Nashville 0 - Fresno 0 |
| BOTTOM OF THE 4TH |
|
Fresno Grizzlies batting - Pitching for Nashville Sounds : LHP Kalaida Steedman
|
|
Batting: RHB Ramon Castellon
|
0-0: Called Strike 0-1: Ball 1-1: Ball 2-1: Fly out, F7 (Flyball, 78D, EV 91.9 MPH)
|
|
Batting: RHB Etsuro Hosokawa
|
0-0: Called Strike 0-1: SINGLE (Groundball, 6M, EV 88.8 MPH) (infield hit)
|
|
Batting: LHB Mark Dearth
|
0-0: Ball 1-0: Fly out, F7 (Line Drive, 7, EV 95.0 MPH)
|
|
Batting: RHB Sam Spohn
|
0-0: Ball 1-0: Ball Wild Pitch! Etsuro Hosokawa to second 2-0: Foul Ball, location: 2F 2-1: Called Strike 2-2: Foul Ball, location: 2F 2-2: Strikes out swinging
|
| Bottom of the 4th over - 0 runs, 1 hit, 0 errors, 1 left on base; Nashville 0 - Fresno 0 |
| TOP OF THE 5TH |
|
Nashville Sounds batting - Pitching for Fresno Grizzlies : RHP Juan Estrada
|
|
Batting: RHB David Herrera
|
0-0: Foul Ball, location: 2F 0-1: Foul Ball, location: 2F 0-2: Strikes out swinging
|
|
Batting: RHB Wade Diamond
|
0-0: Swinging Strike 0-1: Foul Ball, location: 2F 0-2: Strikes out looking
|
|
Batting: RHB Yonetoshi Muranaka
|
0-0: Ball 1-0: Ball 2-0: Ground out 5-3 (Groundball, 25, EV 87.5 MPH)
|
| Top of the 5th over - 0 runs, 0 hits, 0 errors, 0 left on base; Nashville 0 - Fresno 0 |
| BOTTOM OF THE 5TH |
|
Fresno Grizzlies batting - Pitching for Nashville Sounds : LHP Kalaida Steedman
|
|
Batting: LHB Bob Govella
|
0-0: Called Strike 0-1: Foul Ball, location: 2F 0-2: Ball 1-2: SINGLE (Line Drive, 7LS, EV 105.0 MPH)
|
|
Batting: RHB Nick Deegan
|
0-0: Called Strike 0-1: Called Strike 0-2: Foul Ball, location: 2F 0-2: Ball 1-2: Foul Ball, location: 2F 1-2: Ball 2-2: Ball 3-2: SINGLE (Groundball, 34S, EV 81.9 MPH) (infield hit) Bob Govella to second
|
|
Batting: LHB Danny Wolver
|
0-0: Called Strike 0-1: Swinging Strike 0-2: Ball 1-2: Foul Ball, location: 2F 1-2: SINGLE (Groundball, 6D, EV 108.8 MPH) Bob Govella to third Nick Deegan to second
|
|
Batting: RHB Kyle Davis
|
0-0: Ball 1-0: Ball 2-0: Foul Ball, location: 2F 2-1: Foul Ball, location: 2F 2-2: SINGLE (Flyball, 9S, EV 98.8 MPH) Bob Govella scores Nick Deegan to third Danny Wolver to second
|
|
Batting: LHB Josh Birkner
|
0-0: Foul Ball, location: 2F 0-1: Ball 1-1: Swinging Strike 1-2: Strikes out looking
|
|
Batting: RHB Ramon Castellon
|
0-0: Ball 1-0: Ball 2-0: Swinging Strike 2-1: Foul Ball, location: 2F 2-2: Ball 3-2: Base on Balls Nick Deegan scores Danny Wolver to third Kyle Davis to second
|
|
Batting: RHB Etsuro Hosokawa
|
0-0: Ball 1-0: Swinging Strike 1-1: Foul Ball, location: 2F 1-2: Strikes out swinging
|
|
Pitching: RHP Jesus Gonzales
|
|
|
Batting: LHB Mark Dearth
|
0-0: Swinging Strike 0-1: Ball 1-1: Ball 2-1: Called Strike 2-2: Strikes out swinging
|
| Bottom of the 5th over - 2 runs, 4 hits, 0 errors, 3 left on base; Nashville 0 - Fresno 2 |
| TOP OF THE 6TH |
|
Nashville Sounds batting - Pitching for Fresno Grizzlies : RHP Juan Estrada
|
|
Batting: RHB Tony Crespo
|
0-0: Foul Ball, location: 2F 0-1: Called Strike 0-2: TRIPLE (Flyball, 9LD, EV 93.1 MPH)
|
|
Batting: SHB Robert Santiago
|
0-0: Swinging Strike 0-1: Ball 1-1: Ball 2-1: Ball 3-1: Ground out 2-3 (Groundball, 15S, EV 66.2 MPH)
|
|
Batting: LHB Tomas Segarra
|
0-0: Ball 1-0: Ball 2-0: Ball 3-0: Foul Ball, location: 2F 3-1: Base on Balls
|
|
Batting: RHB Tim Cordle
|
0-0: Ball 1-0: SINGLE (Groundball, 56D, EV 109.4 MPH) Tony Crespo scores Tomas Segarra to second
|
|
Batting: RHB Bill Cabrera
|
0-0: Ball 1-0: Swinging Strike 1-1: Ball 2-1: Called Strike 2-2: Ball 3-2: SINGLE (Line Drive, 9LS, EV 86.9 MPH) Tomas Segarra to third Tim Cordle to second Runner from 3rd tries for Home, SAFE, throw by RF to home
|
|
Batting: LHB Gregg Power
|
0-0: Swinging Strike 0-1: Foul Ball, location: 2F 0-2: Foul Ball, location: 2F 0-2: Strikes out swinging
|
|
Batting: RHB David Herrera
|
0-0: Ball 1-0: Called Strike 1-1: Foul Ball, location: 2F 1-2: Ball 2-2: DOUBLE (Groundball, 5L, EV 104.4 MPH) Tim Cordle scores Bill Cabrera to third Runner from 3rd tries for Home, SAFE, no throw by LF
|
|
Pitching: RHP Scott Spillman
|
|
|
Batting: RHB Wade Diamond
|
0-0: Called Strike 0-1: Swinging Strike 0-2: Strikes out swinging
|
| Top of the 6th over - 4 runs, 4 hits, 0 errors, 1 left on base; Nashville 4 - Fresno 2 |
| BOTTOM OF THE 6TH |
|
Fresno Grizzlies batting - Pitching for Nashville Sounds : RHP Jesus Gonzales
|
|
Batting: RHB Sam Spohn
|
0-0: Ball 1-0: Ball 2-0: Ball 3-0: SINGLE (Line Drive, 78S, EV 96.9 MPH)
|
|
Batting: LHB Bob Govella
|
0-0: Called Strike 0-1: Ball 1-1: DOUBLE (Groundball, 5L, EV 101.2 MPH) Sam Spohn to third
|
|
Batting: RHB Nick Deegan
|
0-0: Ball 1-0: Foul Ball, location: 2F 1-1: Ball 2-1: Fly out, F8 (Flyball, 8LD, EV 94.4 MPH) Runner from 3rd tags up, OUT at HOME! 8-2 Bob Govella to third
|
|
Batting: LHB Danny Wolver
|
0-0: SINGLE (Line Drive, 78M, EV 101.9 MPH) Bob Govella scores
|
|
Batting: RHB Kyle Davis
|
0-0: Called Strike 0-1: Called Strike Danny Wolver steals 2nd base 0-2: Ball 1-2: Ball 2-2: Foul Ball, location: 2F 2-2: Foul Ball, location: 2F 2-2: Strikes out looking
|
| Bottom of the 6th over - 1 run, 3 hits, 0 errors, 1 left on base; Nashville 4 - Fresno 3 |
| TOP OF THE 7TH |
|
Nashville Sounds batting - Pitching for Fresno Grizzlies : RHP Scott Spillman
|
|
Batting: RHB Yonetoshi Muranaka
|
0-0: Foul Ball, location: 2F 0-1: SINGLE (Groundball, 3D, EV 103.8 MPH)
|
|
Batting: RHB Tony Crespo
|
0-0: Sac Bunt to P - play at first, batter OUT! 1-3 Yonetoshi Muranaka to second
|
|
Batting: SHB Robert Santiago
|
0-0: Ball 1-0: Foul Ball, location: 2F 1-1: Foul Ball, location: 2F 1-2: Strikes out looking
|
|
Batting: LHB Tomas Segarra
|
0-0: Called Strike 0-1: Swinging Strike 0-2: Strikes out looking
|
| Top of the 7th over - 0 runs, 1 hit, 0 errors, 1 left on base; Nashville 4 - Fresno 3 |
| BOTTOM OF THE 7TH |
|
Fresno Grizzlies batting - Pitching for Nashville Sounds : RHP Jesus Gonzales
|
|
Batting: LHB Josh Birkner
|
0-0: Called Strike 0-1: Called Strike 0-2: Foul Ball, location: 2F 0-2: Ball 1-2: Strikes out swinging
|
|
Batting: RHB Ramon Castellon
|
0-0: Ball 1-0: Called Strike 1-1: Swinging Strike 1-2: Strikes out swinging
|
|
Batting: RHB Etsuro Hosokawa
|
0-0: Ball 1-0: Ball 2-0: Foul Ball, location: 2F 2-1: Ball 3-1: Foul Ball, location: 2F 3-2: Foul Ball, location: 2F 3-2: Strikes out looking
|
| Bottom of the 7th over - 0 runs, 0 hits, 0 errors, 0 left on base; Nashville 4 - Fresno 3 |
| TOP OF THE 8TH |
|
Nashville Sounds batting - Pitching for Fresno Grizzlies : RHP Scott Spillman
|
|
Batting: RHB Tim Cordle
|
0-0: Ball 1-0: Ball 2-0: Ball 3-0: Base on Balls
|
|
Batting: RHB Bill Cabrera
|
0-0: Ball 1-0: Foul Ball, location: 2F 1-1: Foul Ball, location: 2F 1-2: Strikes out swinging
|
|
Batting: LHB Gregg Power
|
0-0: Ball 1-0: Ball 2-0: Ball 3-0: Base on Balls Tim Cordle to second
|
|
Batting: RHB David Herrera
|
0-0: Called Strike 0-1: Ball 1-1: Foul Ball, location: 2F 1-2: Ball 2-2: Strikes out swinging
|
|
Batting: RHB Wade Diamond
|
0-0: Called Strike 0-1: SINGLE (Flyball, 7LS, EV 88.8 MPH) Tim Cordle to third Gregg Power to second Runner from 3rd tries for Home, SAFE, throw by LF to home
|
|
Batting: RHB Yonetoshi Muranaka
|
0-0: Called Strike 0-1: Foul Ball, location: 2F 0-2: Ball 1-2: Strikes out swinging
|
| Top of the 8th over - 1 run, 1 hit, 0 errors, 2 left on base; Nashville 5 - Fresno 3 |
| BOTTOM OF THE 8TH |
|
Fresno Grizzlies batting - Pitching for Nashville Sounds : RHP Jesus Gonzales
|
|
Pitching: LHP Katsumi Takaki
|
|
|
Now at C: Al Hernandez
|
|
|
Now at 1B: Zachary DeLuca
|
|
|
Now at 2B: Tony Crespo
|
|
|
Now in LF: Wade Diamond
|
|
|
Now in RF: Ruben Garza
|
|
|
Batting: LHB Mark Dearth
|
0-0: Swinging Strike 0-1: Called Strike 0-2: SINGLE (Groundball, 4MD, EV 104.4 MPH)
|
|
Batting: RHB Sam Spohn
|
0-0: Fly out, F9 (Flyball, 9, EV 82.5 MPH)
|
|
Pinch Hitting: SHB Ryan Chicoine
|
0-0: Ball 1-0: Ball 2-0: Ball 3-0: Base on Balls Mark Dearth to second
|
|
Pinch Runner at 2nd Edgar Trejo:
|
|
|
Batting: RHB Nick Deegan
|
0-0: Ball Edgar Trejo steals 3rd, throwing error, E2 Edgar Trejo scores Ryan Chicoine to third 1-0: Ground out 4-3 (Groundball, 6MS, EV 85.6 MPH)
|
|
Batting: LHB Danny Wolver
|
0-0: Ball 1-0: Called Strike 1-1: Foul Ball, location: 2F 1-2: Strikes out looking
|
| Bottom of the 8th over - 1 run, 1 hit, 1 error, 1 left on base; Nashville 5 - Fresno 4 |
| TOP OF THE 9TH |
|
Nashville Sounds batting - Pitching for Fresno Grizzlies : RHP Scott Spillman
|
|
Pitching: RHP Jordan Tejeda
|
|
|
Now at C: Ryan Chicoine
|
|
|
Now at 2B: Kyle Davis
|
|
|
Now in CF: Edgar Trejo
|
|
|
Batting: RHB Tony Crespo
|
0-0: Called Strike 0-1: Ball 1-1: Foul Ball, location: 2F 1-2: Strikes out swinging
|
|
Batting: SHB Robert Santiago
|
0-0: Foul Ball, location: 2F 0-1: Ball 1-1: Called Strike 1-2: Ball 2-2: Ball 3-2: DOUBLE (Line Drive, 7LS, EV 98.1 MPH)
|
|
Batting: LHB Tomas Segarra
|
0-0: Called Strike 0-1: Swinging Strike 0-2: Foul Ball, location: 2F 0-2: Ball 1-2: Ball 2-2: Ball 3-2: Ground out 4-3 (Groundball, 34, EV 95.0 MPH) Robert Santiago to third
|
|
Batting: RHB Tim Cordle
|
0-0: Swinging Strike 0-1: Called Strike 0-2: Fly out, F8 (Flyball, 89D, EV 105.0 MPH)
|
| Top of the 9th over - 0 runs, 1 hit, 0 errors, 1 left on base; Nashville 5 - Fresno 4 |
| BOTTOM OF THE 9TH |
|
Fresno Grizzlies batting - Pitching for Nashville Sounds : LHP Katsumi Takaki
|
|
Pitching: RHP Andrew Douglas
|
|
|
Batting: RHB Kyle Davis
|
0-0: Foul Ball, location: 2F 0-1: Ball 1-1: Called Strike 1-2: Ball 2-2: Ball 3-2: Foul Ball, location: 2F 3-2: Foul Ball, location: 2F 3-2: Foul Ball, location: 2F 3-2: Base on Balls
|
|
Batting: LHB Josh Birkner
|
0-0: Called Strike 0-1: Ball 1-1: Ball Kyle Davis steals 2nd, throwing error, E2 Kyle Davis to third 2-1: SINGLE (Line Drive, 6M, EV 95.6 MPH) Kyle Davis scores
|
|
Batting: RHB Ramon Castellon
|
0-0: Ball 1-0: Ball 2-0: 2-RUN HOME RUN (Flyball, 78XD, EV 103.8 MPH), Distance : 405 ft
|
| Bottom of the 9th over - 3 runs, 2 hits, 1 error, 0 left on base; Nashville 5 - Fresno 7 |
|